 Dungeon Crawl Stone Soup version 0.17-a0-1133-gfb1399f (webtiles) character file.

232 Fluffy the Skirmisher (level 6, 0/56 HPs)
             Began as a Hill Orc Fighter on May 25, 2015.
             Slain by an orc
             ... wielding a +0 flail
              (5 damage)
             ... on level 4 of the Dungeon.
             The game lasted 00:04:52 (2134 turns).

Fluffy the Skirmisher (Hill Orc Fighter)            Turns: 2134, Time: 00:04:52

Health: 0/56       AC:  7    Str: 21    XL:     6   Next: 4%
Magic:  0/6        EV:  7    Int:  8    God:
Gold:   124        SH:  9    Dex: 12    Spells: 0 memorised, 5 levels left

rFire  . . .     SeeInvis .     a - +0 war axe
rCold  . . .     Clarity  .     b - +0 scale mail
rNeg   . . .     SustAt   .     c - +0 shield
rPois  .         Gourm    .     (no helmet)
rElec  .         Spirit   +     (no cloak)
rCorr  .         Warding  .     (no gloves)
rMut   .         Stasis   .     (no boots)
MR     .....                    n - amulet of guardian spirit
Stlth  ..........               (no ring)
                                v - +2 ring of strength

@: slowed, very slow, not resistant to hostile enchantments, extremely
unstealthy
A: no striking features
a: no special abilities


You were on level 4 of the Dungeon.
You were not hungry.

You visited 1 branch of the dungeon, and saw 4 of its levels.

You collected 124 gold pieces.

Inventory:

Hand weapons
 a - a +0 war axe (weapon)
Armour
 b - a +0 scale mail (worn)
 c - a +0 shield (worn)
Jewellery
 n - an amulet of guardian spirit (around neck)
 v - a +2 ring of strength (left hand)
Scrolls
 f - a scroll of remove curse {unknown}
 h - a scroll of blinking {unknown}
 i - a scroll of random uselessness {unknown}
 j - 2 scrolls of teleportation {unknown}
 k - a scroll of magic mapping {unknown}
 l - 2 scrolls of identify {unknown}
 y - a scroll of noise {unknown}
 A - a scroll of amnesia {unknown}
Potions
 d - 3 potions of might
 o - a potion of heal wounds {unknown}
 p - a potion of mutation {unknown}
 q - a potion of curing {unknown}
 s - 2 potions of brilliance {unknown}
 t - a potion of poison {unknown}
 u - a potion of lignification {unknown}
 w - a potion of invisibility {unknown}
Comestibles
 e - a bread ration
 g - 3 meat rations
 m - 4 fruits
 r - a slice of pizza
 x - a royal jelly


   Skills:
 + Level 5.3 Fighting
 + Level 5.2 Axes
 + Level 4.9 Armour
 - Level 3.2 Shields


You had 5 spell levels left.
You didn't know any spells.

Dungeon Overview and Level Annotations

Branches:
Dungeon (4/15)
 Temple: D:4-7

Altars:
Ru


Message History

* * * LOW HITPOINT WARNING * * *
The orc wizard hits you but does no damage.
You slash the orc wizard!
The orc wizard is severely wounded.
You block the orc wizard's attack.
The orc wizard hits you but does no damage. x2
Your shield and scale mail prevent you from hitting the orc wizard.
The orc wizard is severely wounded.
The orc wizard hits you but does no damage. x2
You slash the orc wizard!
You kill the orc wizard!
You have reached level 6!
Your experience leads to an increase in your attributes!
Your base attributes are Str 19, Int 8, Dex 11.
Increase (S)trength, (I)ntelligence, or (D)exterity?
You feel agile. The orc hits you with a flail.
* * * LOW HITPOINT WARNING * * *
You barely miss the orc. The orc hits you with a flail.
You die...

#..†.# #...#
####.###.###..
#.....# .#
###.### .# #.#
.# #.# .# #.#
.#
#.#####.##$###
#....@o).....#
#######..$....
###.[.. .##


You could see an orc.

Vanquished Creatures
  A hound (D:4)
  Terence (D:2)
  2 orc wizards (D:4)
  2 worker ants (D:4)
  An ooze (D:4)
  2 worms
  4 giant geckos
  8 orcs
  5 bats
  4 goblins (D:3)
  7 hobgoblins
  6 jackals
  5 kobolds
  2 giant cockroaches
  8 giant newts
  6 rats
64 creatures vanquished.

Notes
Turn   | Place    | Note
--------------------------------------------------------------
     0 | D:1      | Fluffy the Hill Orc Fighter began the quest for the Orb.
     0 | D:1      | Reached XP level 1. HP: 19/19 MP: 1/1
   251 | D:1      | Reached XP level 2. HP: 27/27 MP: 2/2
   841 | D:2      | Noticed Terence
   841 | D:2      | Reached skill level 4 in Fighting
   844 | D:2      | Reached XP level 3. HP: 33/33 MP: 3/3
   866 | D:2      | Killed Terence
  1063 | D:2      | Reached XP level 4. HP: 40/40 MP: 4/4
  1223 | D:3      | Found a sacrificial altar of Ru.
  1866 | D:4      | Reached XP level 5. HP: 35/47 MP: 5/5
  2116 | D:4      | Reached skill level 5 in Fighting
  2123 | D:4      | Reached skill level 5 in Axes
  2133 | D:4      | Reached XP level 6. HP: 8/56 MP: 1/6
  2134 | D:4      | Slain by an orc

Vault maps used:
D:1:      elethiomel_arrival_infinity_welcomes_careful_drivers,
          serial_bayou_pond_e
D:2:      uniq_terence
D:3:      lemuel_round_altar

Action                   |  1- 3 |  4- 6 || total
-------------------------+-------+-------++-------
Melee: War axe           |    90 |   136 ||   226
  Eat: Chunk             |       |     4 ||     4
